 Dungeon Crawl Stone Soup version 0.29.1-1-gd02db6906a (webtiles) character file.

Game seed: 6435325743607038106

133 sentinel the Digger (level 5, -2/38 HPs)
             Began as a Meteoran Earth Elementalist on Sept 30, 2022.
             Killed from afar by an orc wizard (9 damage)
             ... with a puff of flame
             ... on level 6 of the Dungeon.
             The game lasted 00:04:07 (416 turns).

sentinel the Digger (Meteoran Earth Elementalist)    Turns: 416, Time: 00:04:08

Health: -2/38      AC:  3    Str:  9    XL:     5   Next: 68%
Magic:  0/10       EV: 12    Int: 19    God:
Gold:   0          SH:  0    Dex: 14    Spells: 3/9 levels left

rFire   . . .      SeeInvis .   (no weapon)
rCold   . . .      Faith    .   (no shield)
rNeg    . . .      Spirit   .   a - +0 robe
rPois   .          Reflect  .   d - +0 helmet
rElec   .          Harm     .   (no cloak)
rCorr   .          Rampage  .   (no gloves)
Will    +....                   (no boots)
Stlth   +.........              (no amulet)
HPRegen 0.12/turn               g - ring of willpower
MPRegen 0.12/turn               (no ring)

@: glowing
A: sense surroundings 1, otherworldly, glowing, explore regen
a: no special abilities


You were on level 6 of the Dungeon.
You visited 1 branch of the dungeon, and saw 6 of its levels.

Inventory:

Armour
 a - a +0 robe (worn)
 d - a +0 helmet (worn)
Jewellery
 g - a ring of willpower (left hand)
Scrolls
 c - 2 scrolls of silence
Potions
 b - a potion of magic


   Skills:
 - Level 2.4 Dodging
 - Level 1.4 Stealth
 - Level 2.6 Spellcasting
 * Level 3.6 Conjurations
 - Level 1.2 Transmutations
 - Level 5.6 Earth Magic


You had 3 spell levels left.
You knew the following spells:

 Your Spells              Type           Power      Damage    Failure   Level
a - Sandblast             Erth           46%        2d11      1%          1
b - Stone Arrow           Conj/Erth      40%        3d9       7%          3
c - Passwall              Tmut/Erth      12%        N/A       6%          2

Your spell library contained the following spells:

 Spells                   Type           Power      Damage    Failure   Level
 Sting                    Tmut/Pois      16%        1d3       12%         1
 Poisonous Vapours        Pois/Air       4%         N/A       24%         2
 Petrify                  Tmut/Erth      15%        N/A       36%         4
 Olgreb's Toxic Radiance  Pois           2%         N/A       83%         4


Dungeon Overview and Level Annotations

Branches:
Dungeon (6/15) Zot: 3169
 Temple: D:4-7

Altars:
Uskayaw

Annotations:
D:4 Menkaure


Innate Abilities, Weirdness & Mutations

You passively map a small area around you.
You are easily found by Zot.
You glow in the dark.
You regain HP and MP as you explore.


Message History

It was a scroll of noise.
Magic restored.
Casting: Passwall (safe; 6% risk of failure)
Confirm with . or Enter, or press ? or * to list all spells.
Aiming: Passwall (safe; 6% risk of failure)
Press: ? - help, Dir - move target A rock wall.
You begin to meditate on the wall.
You continue meditating on the rock. x3
You finish merging with the rock.
Magic restored.
Magic restored.
Casting: Passwall (safe; 6% risk of failure)
Confirm with . or Enter, or press ? or * to list all spells.
Aiming: Passwall (safe; 6% risk of failure)
Press: ? - help, Dir - move target A rock wall.
You begin to meditate on the wall.
You continue meditating on the rock. x2
You finish merging with the rock.
Found a stone staircase leading down.
Found a scroll labelled SIMISK AWNAS.
A scorpion comes into view.
You see here a scroll labelled SIMISK AWNAS.
As you read the scroll labelled SIMISK AWNAS, it crumbles to dust.
You assume a fearsome visage.
The scorpion looks frightened!
It was a scroll of fear.
What are your orders? t - Shout!
Orders for allies: a - Attack new target. r - Retreat! s - Stop attacking. g - Guard the area. f - Follow me.
Anything else - Cancel.
You shout for attention!
There is a stone staircase leading down here.
You climb downwards.
You hear the hiss of flowing sand.
There is an entrance to an ossuary on this level.
Hurry and find it before the portal is buried!
There is a stone staircase leading up here.
Casting: Passwall (safe; 6% risk of failure)
Confirm with . or Enter, or press ? or * to list all spells.
Aiming: Stone Arrow (quite dangerous; 16% risk of failure)
Press: ? - help, Shift-Dir - straight line, f - ogre
Aim: an ogre, wielding a +0 giant club (asleep, 100% to hit)
Okay, then.
The blast of sand hits the ogre!
The ogre is heavily wounded.
The ogre shouts!
The blast of sand hits the ogre!
You kill the ogre!
Your Conjurations skill gained 3 levels and is now at level 3!
You have reached level 5!
Found 10 gold pieces.
Really walk into that teleport trap?
You enter a teleport trap!
The teleport trap disappears.
Your surroundings seem slightly different.
Unknown command.
An orc comes into view. It is wielding a +0 whip.
Found 8 gold pieces.
The orc shouts!
You hear a shout!
An orc priest comes into view. It is wielding a +0 dagger.
The orc priest shouts!
The blast of sand misses the orc.
An orc wizard comes into view. It is wielding a +0 dagger.
The orc priest looks encouraged for a moment.
The blast of sand hits the orc.
The orc is moderately wounded.
The orc wizard shouts!
The blast of sand hits the orc!
You kill the orc!
The blast of sand hits the orc priest!
The orc priest is heavily wounded.
The blast of sand hits the orc priest but does no damage.
The orc priest is heavily wounded.
Casting: Sandblast (safe; 1% risk of failure)
Confirm with . or Enter, or press ? or * to list all spells.
You don't know that spell.
Unknown command.
Casting: Sandblast (safe; 1% risk of failure)
Confirm with . or Enter, or press ? or * to list all spells.
Aiming: Sandblast (safe; 1% risk of failure)
Press: ? - help, Shift-Dir - straight line, f/p - orc priest
Aim: an orc priest, wielding a +0 dagger and wearing a +0 ring mail (heavily wounded, 85% to hit)
The blast of sand hits the orc priest but does no damage.
The orc priest is heavily wounded.
The orc priest hits you with a +0 dagger.
The orc wizard barely misses you. The orc priest barely misses you.
Casting: Sandblast (safe; 1% risk of failure)
Confirm with . or Enter, or press ? or * to list all spells.
Aiming: Sandblast (safe; 1% risk of failure)
Press: ? - help, Shift-Dir - straight line, f/p - orc priest
Aim: an orc priest, wielding a +0 dagger and wearing a +0 ring mail (heavily wounded, 85% to hit)
The blast of sand misses the orc priest.
The orc wizard closely misses you.
The orc priest invokes the aid of Beogh against you.
You easily resist.
Casting: Sandblast (safe; 1% risk of failure)
Confirm with . or Enter, or press ? or * to list all spells.
Aiming: Sandblast (safe; 1% risk of failure)
Press: ? - help, Shift-Dir - straight line, f/p - orc priest
Aim: an orc priest, wielding a +0 dagger and wearing a +0 ring mail (heavily wounded, 85% to hit)
The blast of sand hits the orc priest.
The orc priest is severely wounded.
The orc wizard closely misses you.
The orc priest invokes the aid of Beogh against you.
You easily resist.
The orc priest hits you with a +0 dagger.
The orc wizard hits you but does no damage.
Casting: Sandblast (safe; 1% risk of failure)
Confirm with . or Enter, or press ? or * to list all spells.
Aiming: Sandblast (safe; 1% risk of failure)
Press: ? - help, Shift-Dir - straight line, f/p - orc priest
Aim: an orc priest, wielding a +0 dagger and wearing a +0 ring mail (severely wounded, 85% to hit)
The blast of sand hits the orc priest but does no damage.
The orc priest is severely wounded.
The orc wizard hits you with a +0 dagger.
The orc priest closely misses you.
Casting: Sandblast (safe; 1% risk of failure)
Confirm with . or Enter, or press ? or * to list all spells.
Aiming: Sandblast (safe; 1% risk of failure)
Press: ? - help, Shift-Dir - straight line, f/p - orc priest
Aim: an orc priest, wielding a +0 dagger and wearing a +0 ring mail (severely wounded, 85% to hit)
The blast of sand misses the orc priest.
You hear the slow hiss of a very distant avalanche of sand.
The orc wizard hits you with a +0 dagger.
The orc priest hits you but does no damage.
The orc wizard misses you.
The orc priest mumbles some strange prayers to Beogh against you.
Beogh smites you!
Casting: Sandblast (safe; 1% risk of failure)
Confirm with . or Enter, or press ? or * to list all spells.
Aiming: Sandblast (safe; 1% risk of failure)
Press: ? - help, Shift-Dir - straight line, f/p - orc priest
Aim: an orc priest, wielding a +0 dagger and wearing a +0 ring mail (severely wounded, 85% to hit)
The blast of sand hits the orc priest but does no damage.
The orc priest is severely wounded.
The orc wizard hits you with a +0 dagger.
The orc priest mumbles some strange prayers to Beogh against you.
You easily resist.
Casting: Sandblast (safe; 1% risk of failure)
Confirm with . or Enter, or press ? or * to list all spells.
Aiming: Sandblast (safe; 1% risk of failure)
Press: ? - help, Shift-Dir - straight line, f/p - orc priest
Aim: an orc priest, wielding a +0 dagger and wearing a +0 ring mail (severely wounded, 85% to hit)
The blast of sand hits the orc priest but does no damage.
The orc priest is severely wounded.
The orc wizard gestures at you while chanting.
The magic dart hits you!
The orc priest looks encouraged for a moment.
The orc wizard casts a spell at you. The puff of flame hits you!
You die...

,, , , ,...# * * #..## *
, ... *#...# * #.#* #...
#.# $..* ,, * ####.# #.#
* , . .....# #.#######.
...##..# ######.@o......
##.##..###......o#######
............###.## *
...##.####..# #.#
...##.# #..# #.#
<..)..####$.###.#
................# *
....#.####..#####
...##.##........ ,


You could see an orc priest and an orc wizard.

Vanquished Creatures
  An ogre (D:6)
  A hound (D:5)
  An adder (D:3)
  A dart slug (D:3)
  An orc (D:6)
  A giant cockroach (D:4)
  2 kobolds
  A quokka (D:4)
  A bat (D:3)
  A goblin (D:2)
  A rat (D:2)
12 creatures vanquished.

Notes
Turn   | Place    | Note
-------+----------+-------------------------------------------
     0 | D:1      | sentinel the Meteoran Earth Elementalist began the quest
                  | for the Orb.
     0 | D:1      | Reached XP level 1. HP: 14/14 MP: 5/5
   182 | D:3      | Reached skill level 4 in Earth Magic
   182 | D:3      | Reached XP level 2. HP: 20/20 MP: 3/6
   192 | D:3      | Learned a level 2 spell: Passwall
   201 | D:3      | Noticed a +0 hand axe
   203 | D:3      | Noticed a +0 dagger
   204 | D:3      | Found a hide-covered altar of Uskayaw.
   228 | D:4      | Reached XP level 3. HP: 26/26 MP: 4/8
   240 | D:4      | Learned a level 3 spell: Stone Arrow
   282 | D:4      | Noticed Menkaure
   284 | D:5      | Entered Level 5 of the Dungeon
   287 | D:5      | Reached skill level 5 in Earth Magic
   287 | D:5      | Reached XP level 4. HP: 20/33 MP: 5/9
   358 | D:5      | Noticed a scorpion
   370 | D:6      | Noticed an ogre
   372 | D:6      | Killed an ogre
   373 | D:6      | Reached XP level 5. HP: 38/38 MP: 8/10
   416 | D:6      | Killed from afar by an orc wizard

Illustrated notes

Levels and vault maps discovered:
D:1:      nicolae_arrival_washed_ashore, layout_loops_corners, serial_forest,
          infiniplex_forest_zigzag_2, infiniplex_forest_clump_tiny,
          infiniplex_forest_clump_medium, infiniplex_forest_diagonal,
          infiniplex_forest_end_1, shapermc_ecumenical_altar_acropolis,
          minmay_split_cup_small
D:2:      minmay_inner_zag, layout_basic, serial_shops, shop,
          chequers_serial_rivers_micro_c
D:3:      layout_loops_ring, dancing_weapons_uskayaw, trog_butcher_becter,
          serial_shops, shop, kennysheep_flooded_box, kennysheep_minor_cross,
          minmay_misc_feat_nine_boxes, st_stairs_7
D:4:      layout_loops_ring, vehumet_altar_wand_db, uniq_duvessa, uniq_menkaure
D:5:      layout_basic, mainiacjoe_overflow_alcove_2, old_standard_altar
D:6:      layout_loops_ring, nicolae_ossuary_entry_ruins

Skill      XL: |  1  2  3  4 |
---------------+-------------+-----
Earth Magic    | 4 5 |  5.6
Conjurations   | 3 |  3.6
Dodging        | |  2.4
Stealth        | |  1.4
Spellcasting   | |  2.6
Transmutations | |  1.2

Action                   |  1- 3 |  4- 6 || total
-------------------------+-------+-------++-------
 Cast: Sandblast         |    16 |    14 ||    30
       Passwall          |       |     4 ||     4
  Use: Scroll            |     2 |     2 ||     4
Armor: Robe              |       |     2 ||     2
Dodge: Dodged            |     1 |     6 ||     7
